 Dungeon Crawl Stone Soup version 0.27-a0-909-g0721f309d1 (webtiles) character file.

Game seed: 17364385576920573322

154 mhtbhm the Cudgeller (level 5, -1/49 HPs)
             Began as a Gargoyle Berserker on Apr 8, 2021.
             Was a Believer of Trog.
             Slain by Pikel
             ... wielding a +2 whip of electrocution
              (5 damage)
             ... on level 4 of the Dungeon.
             The game lasted 00:03:03 (2946 turns).

mhtbhm the Cudgeller (Gargoyle Berserker)           Turns: 2946, Time: 00:03:04

Health: -1/49      AC: 22    Str: 21    XL:     5   Next: 36%
Magic:  5/5        EV:  2    Int:  8    God:    Trog [**....]
Gold:   78         SH:  5    Dex:  9    Spells: 4/4 levels left

rFire    . . .     SeeInvis .   a - +0 mace
rCold    . . .     Faith    .   (no shield)
rNeg     + + +     Spirit   .   (armour currently unavailable)
rPois    ∞         Reflect  +   (helmet currently unavailable)
rElec    .         Harm     .   (cloak currently unavailable)
rCorr    .         Rampage  .   (gloves currently unavailable)
Will     .....     NoTele   +   (boots currently unavailable)
Stlth    +.........             e - amulet of reflection
HPRegen  0.16/turn              (no ring)
MPRegen  0.09/turn              (no ring)

@: tree-form, on berserk cooldown, slowed, very slow
A: stationary, stasis, torment immunity, boosted hp, AC +4, negative energy
resistance 1, (electricity resistance), torment resistance 1, (unbreathing 1),
petrification resistance
a: Renounce Religion, Berserk, Trog's Hand


You were on level 4 of the Dungeon.
You worshipped Trog.
Trog was pleased with you.
You were a tree.
You visited 1 branch of the dungeon, and saw 4 of its levels.

You collected 78 gold pieces.

Inventory:

Hand Weapons
 a - a +0 mace (weapon)
Armour
 b - a +0 ring mail (melded)
 h - a +0 cloak (melded)
 p - a +1 helmet (melded)
Jewellery
 e - an amulet of reflection (around neck)
 k - a ring of wizardry
Scrolls
 d - 2 scrolls of fog
 m - a scroll of teleportation {unknown}
 o - a scroll of blinking
 q - a scroll of enchant weapon {unknown}
Potions
 c - a potion of lignification
 g - a potion of flight
 l - 2 potions of curing


   Skills:
 + Level 4.0 Fighting
 + Level 4.5 Maces & Flails
 + Level 3.2 Armour
 + Level 2.0 Dodging
 - Level 0.2 Stealth
 + Level 0.7 Shields


You had 4 spell levels left.
You didn't know any spells.
Your spell library was empty.

Dungeon Overview and Level Annotations

Branches:
Dungeon (4/15)
 Temple: D:4-7

Altars:

Annotations:
D:4 Pikel


Innate Abilities, Weirdness & Mutations

You are a tree.
Your roots penetrate the ground, keeping you stationary.
You cannot be teleported.
You are immune to unholy pain and torment.
Your maximum health is greatly increased.
Your equipment is partially melded.
((Your stone body is resilient. (AC +4)))
You are immune to poison.
You resist negative energy. (rN+)
((You are resistant to electric shocks. (rElec)))
You are resistant to unholy torment.
((You can survive without breathing.))
You are immune to petrification.


Message History

You hit Pikel.
Pikel is moderately wounded.
Pikel closely misses you. Pikel hits you but does no damage.
You barely miss Pikel.
Pikel is moderately wounded.
You block Pikel's attack.
Pikel hits you with a +2 whip of electrocution.
You closely miss Pikel.
Pikel is moderately wounded.
Pikel hits you but does no damage. You block Pikel's attack.
Unknown command.
You aren't carrying any items that you can evoke.
Unknown command.
Okay, then.
Okay, then.
Really quaff the potion of lignification?
You turn into a tree.
Your +0 cloak melds into your body.
Your +1 helmet melds into your body.
Your +0 ring mail melds into your body.
Your roots penetrate the ground.
Pikel hits you but does no damage.
You hit Pikel.
Pikel is moderately wounded.
Pikel hits you but does no damage. Pikel barely misses you.
You barely miss Pikel.
Pikel is moderately wounded.
Pikel hits you with a +2 whip of electrocution.
Pikel hits you but does no damage.
You are electrocuted!
* * * LOW HITPOINT WARNING * * *
You closely miss Pikel.
Pikel is moderately wounded.
Pikel barely misses you.
You barely miss Pikel.
Pikel is moderately wounded.
Pikel hits you but does no damage.
You are electrocuted!
* * * LOW HITPOINT WARNING * * *
Pikel hits you but does no damage.
You hit Pikel but do no damage.
Pikel is moderately wounded.
Pikel hits you but does no damage.
Pikel hits you with a +2 whip of electrocution.
You die...

#........#......#
#......#.#..#####
#......#.#..#
##.)....#.#..#
#.........#..#
##......####..#
#.............#
#############.###
.......♣K55..#
#.....######.#
#.... ... #..#
..# #. #.# . 5# #


You could see Pikel and 2 lemures.

Vanquished Creatures
  A lemure (D:4)
  A hound (D:4)
  Robin (D:3)
  3 adders
  3 worms (D:2)
  2 dart slugs
  5 ball pythons
  3 endoplasms
  2 giant cockroaches (D:3)
  6 hobgoblins
  8 jackals
  3 quokkas
  7 bats
  A frilled lizard (D:1)
  13 goblins
  7 kobolds
  2 rats (D:3)
68 creatures vanquished.

Notes
Turn   | Place    | Note
-------+----------+-------------------------------------------
     0 | D:1      | mhtbhm the Gargoyle Berserker began the quest for the Orb.
     0 | D:1      | Reached XP level 1. HP: 14/14 MP: 1/1
   302 | D:1      | Reached XP level 2. HP: 9/19 MP: 2/2
   772 | D:1      | Reached XP level 3. HP: 19/24 MP: 3/3
  1199 | D:2      | Reached ** piety under Trog
  1349 | D:2      | Reached XP level 4. HP: 29/29 MP: 4/4
  1473 | D:2      | Found a faded altar of an unknown god.
  2441 | D:3      | Noticed Robin
  2450 | D:3      | Killed Robin
  2451 | D:3      | Reached XP level 5. HP: 33/33 MP: 5/5
  2910 | D:4      | Noticed a lemure
  2910 | D:4      | Noticed a lemure
  2911 | D:4      | Noticed Pikel
  2912 | D:4      | Noticed a lemure
  2924 | D:4      | Killed a lemure
  2926 | D:4      | Noticed a lemure
  2946 | D:4      | Slain by Pikel

Illustrated notes

Levels and vault maps discovered:
D:1:      dpeg_arrival_round_c, layout_rooms, minmay_misc_feat_columns,
          minmay_misc_feat_secret_circle, minivault_23
D:2:      layout_rooms, basic_ecumenical_altar, minmay_misc_feat_diagonals
D:3:      layout_loops_ring, dk_noncrumbling_4, corexii_hall_statues_s,
          uniq_robin
D:4:      minmay_recursive_quarters, layout_basic, zin_statuary, serial_shops,
          shop, moated_statue, hangedman_decor_clover_reticule, uniq_pikel,
          uniq_duvessa

Skill      XL: |  1  2  3  4  5 |
---------------+----------------+-----
Maces & Flails | 4 |  4.5
Armour         | 3 |  3.2
Dodging        | 2 |  2.0
Fighting       | 4 |  4.0
Stealth        | |  0.2
Shields        | |  0.7

Action                   |  1- 3 |  4- 6 || total
-------------------------+-------+-------++-------
Melee: Mace              |   108 |   135 ||   243
Invok: Berserk           |     2 |     3 ||     5
  Use: Scroll            |       |     8 ||     8
       Potion            |       |     1 ||     1
Armor: Animal skin       |    28 |       ||    28
       Ring mail         |    42 |    65 ||   107
       Skin              |       |     6 ||     6
Dodge: Dodged            |    87 |    63 ||   150
Block: Other             |    16 |    37 ||    53
       Reflection        |       |     1 ||     1

Table legend: (Time is in decaauts)
 A = Elapsed time spent in this place.
 B = Non-inter-level travel time spent in this place.
 C = Inter-level travel time spent in this place.
 D = Time resting spent in this place.
 E = Time spent auto-exploring this place.
 F = Levels seen in this place.
 G = Mean time per level.
                   A        B        C        D        E       F      G
               +--------+--------+--------+--------+--------+-----+--------+
         Total |   3040 |   3030 |     10 |    793 |   1579 |   4 |  760.0 |
       Dungeon |   3040 |   3030 |     10 |    793 |   1579 |   4 |  760.0 |
               +--------+--------+--------+--------+--------+-----+--------+

Top non-repeatable levels by time:
     D:1: 1222 daAuts
     D:2: 843 daAuts
     D:3: 769 daAuts
     D:4: 204 daAuts
